 Dungeon Crawl Stone Soup version 0.29.1-15-g9cfb28693d (webtiles) character file.

Game seed: 9930817934424320878

301 javelincjr the Caller (level 6, -2/44 HPs)
             Began as a Gnoll Summoner on Apr 12, 2023.
             Slain by Crazy Yiuf
             ... wielding a +2 quarterstaff of chaos
              (8 damage)
             ... on level 3 of the Dungeon.
             The game lasted 00:11:39 (2121 turns).

javelincjr the Caller (Gnoll Summoner)              Turns: 2121, Time: 00:11:40

Health: -2/44      AC:  2    Str: 14    XL:     6   Next: 37%
Magic:  4/14       EV: 13    Int: 14    God:
Gold:   141        SH:  0    Dex: 13    Spells: 9/15 levels left

rFire   . . .      SeeInvis .   w - +3 hammer of Xixazxoll {vorpal, Fly rCorr Str+5 Stlth+}
rCold   . . .      Faith    .   (no shield)
rNeg    + . .      Spirit   .   a - +0 robe
rPois   .          Reflect  .   (no helmet)
rElec   .          Harm     .   (no cloak)
rCorr   +          Rampage  .   (no gloves)
Will    .....                   (no boots)
Stlth   ++++......              h - amulet of the acrobat
HPRegen 0.14/turn               r - ring of positive energy
MPRegen 0.14/turn               (no ring)

@: lethally poisoned (-2 -> -8), flying
A: fangs 1, strong nose, distributed training
a: no special abilities


You were on level 3 of the Dungeon.
You visited 1 branch of the dungeon, and saw 3 of its levels.

You collected 141 gold pieces.

Inventory:

Hand Weapons
 g - a +3 short sword
 l - a +2 trident of protection
 s - a +2 spectral club
 w - the +3 hammer of Xixazxoll (weapon) {vorpal, Fly rCorr Str+5 Stlth+}
   (You found it on level 3 of the Dungeon)

   It inflicts extra damage upon your enemies.
   Str:       It affects your strength (+5).
   Fly:       It grants you flight.
   rCorr:     It protects you from acid and corrosion.
   Stlth:     It makes you more stealthy.
Missiles
 c - 2 silver javelins
Armour
 a - a +0 robe (worn)
Jewellery
 h - an amulet of the acrobat (around neck)
 p - an amulet of magic regeneration
 r - a ring of positive energy (left hand)
Wands
 k - a wand of flame (1)
Scrolls
 d - 2 scrolls of amnesia {unknown}
 j - a scroll of identify {unknown}
 n - 2 scrolls of noise {unknown}
 t - a scroll of vulnerability {unknown}
Potions
 b - a potion of magic
 e - a potion of ambrosia {unknown}
 f - 2 potions of brilliance {unknown}
 i - a potion of might {unknown}
 m - a potion of curing {unknown}
 o - 2 potions of heal wounds {unknown}
 q - a potion of invisibility {unknown}
 u - a potion of experience {unknown}
 v - a potion of mutation {unknown}


   Skills:
 + Level 2.0 Fighting
 + Level 2.0 Short Blades
 + Level 2.0 Long Blades
 + Level 2.0 Axes
 + Level 2.0 Maces & Flails
 + Level 2.0 Polearms
 + Level 2.0 Staves
 + Level 2.0 Ranged Weapons
 + Level 2.0 Throwing
 + Level 2.0 Armour
 + Level 5.0 Dodging
 + Level 4.6 Stealth
 + Level 2.0 Shields
 + Level 2.0 Unarmed Combat
 + Level 5.4 Spellcasting
 + Level 1.6 Conjurations
 + Level 1.6 Hexes
 + Level 7.3 Summonings
 + Level 1.6 Necromancy
 + Level 1.6 Translocations
 + Level 1.6 Transmutations
 + Level 1.6 Fire Magic
 + Level 1.6 Ice Magic
 + Level 1.6 Air Magic
 + Level 1.6 Earth Magic
 + Level 1.6 Poison Magic
 + Level 2.2 Invocations
 + Level 2.0 Evocations


You had 9 spell levels left.
You knew the following spells:

 Your Spells              Type           Power      Damage    Failure   Level
a - Summon Small Mammal   Summ           96%        N/A       1%          1
b - Call Imp              Summ           24%        N/A       1%          2
c - Call Canine Familiar  Summ           24%        N/A       2%          3

Your spell library contained the following spells:

 Spells                   Type           Power      Damage    Failure   Level
 Apportation              Tloc           16%        N/A       9%          1
 Necrotise                Necr           32%        1d5       9%          1
 Summon Guardian Golem    Hex/Summ       16%        N/A       9%          3
 Summon Lightning Spire   Summ/Air       16%        N/A       26%         4


Dungeon Overview and Level Annotations

Branches:
Dungeon (3/15)

Altars:
Ru

Annotations:
D:3 Crazy Yiuf


Innate Abilities, Weirdness & Mutations

You have very sharp teeth.
Your uncanny sense of smell can sniff out nearby items.
Your experience applies equally to all skills.


Message History

Found a runed translucent door.
You see here a +0 hammer.
Found a hammer.
You see here a +0 hammer.
Found two hammers.
You see here the +3 hammer of Xixazxoll {vorpal, Fly rCorr Str+5 Stlth+}.
w - the +3 hammer of Xixazxoll {vorpal, Fly rCorr Str+5 Stlth+} You feel stronger.
You fly up into the air.
w - the +3 hammer of Xixazxoll (weapon)
{vorpal, Fly rCorr Str+5 Stlth+} You reach down and open the door.
There is an open translucent door here.
You see here a +0 hammer.
You see here a +0 hammer.
The helpless Crazy Yiuf fails to defend himself.
You hit Crazy Yiuf.
Crazy Yiuf is lightly wounded.
Crazy Yiuf misses you.
You closely miss Crazy Yiuf.
Crazy Yiuf is lightly wounded.
Crazy Yiuf hits you with a +2 quarterstaff of chaos!
You are poisoned.
You hit Crazy Yiuf. You bite Crazy Yiuf, but do no damage.
Crazy Yiuf is moderately wounded.
You feel very sick.
Crazy Yiuf hits you with a +2 quarterstaff of chaos.
Crazy Yiuf burns you.
Crazy Yiuf hits you with a +2 quarterstaff of chaos!
* * * LOW HITPOINT WARNING * * *
You feel your power leaking away.
* * * LOW HITPOINT WARNING * * *
You feel sick.
Crazy Yiuf screams, "Papa!"
You see here a +0 hammer.
Casting: Call Canine Familiar (dangerous; 2% risk of failure)
Confirm with . or Enter, or press ? or * to list all spells.
* * * LOW HITPOINT WARNING * * *
You feel sick.
Crazy Yiuf hits you with a +2 quarterstaff of chaos!
You die...

#...................#
#......##############
#......# #..#####
#..# #..# #..##♣♣
##### #...#.♣♣
♣♣#.h)#
#......♣♣♣♣.'@g.#
#.......♣).♣#)).#
###.#.)♣)♣♣♣#####
###♣♣♣♣♣


You could see Crazy Yiuf (ally target) and a friendly hound (summoned).

Vanquished Creatures
  Jessica (D:2)
  3 adders
  A worm (D:2)
  2 orcs (D:3)
  A ball python (D:2)
  2 endoplasms
  2 giant cockroaches (D:2)
  2 hobgoblins (D:3)
  A kobold (D:3)
  2 quokkas
  A bat (D:2)
  3 frilled lizards (D:2)
  A rat (D:2)
22 creatures vanquished.

Vanquished Creatures (collateral kills)
  Ijyb (D:3)
  2 orc wizards (D:3)
  Robin (D:2)
  6 gnolls (D:2)
  4 adders (D:2)
  4 orcs (D:3)
  3 ball pythons
  2 endoplasms (D:2)
  A giant cockroach (D:2)
  10 goblins (D:2)
  5 hobgoblins (D:2)
  A quokka (D:2)
  2 kobolds (D:3)
42 creatures vanquished.

Grand Total: 64 creatures vanquished

Notes
Turn   | Place    | Note
-------+----------+-------------------------------------------
     0 | D:1      | javelincjr the Gnoll Summoner began the quest for the Orb.
     0 | D:1      | Reached XP level 1. HP: 13/13 MP: 6/6
    18 | D:1      | You fall into a shaft and drop 1 floor!
   153 | D:2      | Reached XP level 2. HP: 20/20 MP: 7/7
   153 | D:2      | Noticed Jessica
   166 | D:2      | Learned a level 2 spell: Call Imp
   177 | D:2      | Killed Jessica
   178 | D:2      | Reached skill level 5 in Spellcasting
   178 | D:2      | Reached skill level 1 in Invocations
   178 | D:2      | Reached XP level 3. HP: 16/25 MP: 4/9
   301 | D:2      | Learned a level 3 spell: Call Canine Familiar
   346 | D:2      | Reached skill level 1 in Fighting
   346 | D:2      | Reached skill level 1 in Short Blades
   346 | D:2      | Reached skill level 1 in Long Blades
   346 | D:2      | Reached skill level 1 in Axes
   346 | D:2      | Reached skill level 1 in Maces & Flails
   346 | D:2      | Reached skill level 1 in Polearms
   346 | D:2      | Reached skill level 1 in Staves
   346 | D:2      | Reached skill level 1 in Ranged Weapons
   346 | D:2      | Reached skill level 1 in Throwing
   346 | D:2      | Reached skill level 1 in Armour
   346 | D:2      | Reached skill level 1 in Shields
   346 | D:2      | Reached skill level 1 in Unarmed Combat
   346 | D:2      | Reached skill level 1 in Evocations
   361 | D:2      | Reached XP level 4. HP: 32/32 MP: 8/11
   369 | D:2      | Reached skill level 1 in Conjurations
   369 | D:2      | Reached skill level 1 in Hexes
   369 | D:2      | Reached skill level 1 in Necromancy
   369 | D:2      | Reached skill level 1 in Translocations
   369 | D:2      | Reached skill level 1 in Transmutations
   369 | D:2      | Reached skill level 1 in Fire Magic
   369 | D:2      | Reached skill level 1 in Ice Magic
   369 | D:2      | Reached skill level 1 in Air Magic
   369 | D:2      | Reached skill level 1 in Earth Magic
   369 | D:2      | Reached skill level 1 in Poison Magic
   443 | D:2      | Found a faded altar of an unknown god.
   450 | D:2      | Prayed at the altar of an unknown god.
   450 | D:2      | Became a worshipper of Ru the Awakened
   451 | D:2      | Fell from the grace of Ru
   510 | D:2      | Reached XP level 5. HP: 37/37 MP: 5/12
   602 | D:2      | Noticed Robin
   663 | D:2      | Killed Robin
  1410 | D:3      | Reached XP level 6. HP: 42/44 MP: 8/13
  1495 | D:3      | Noticed Ijyb
  1537 | D:3      | Killed Ijyb
  1538 | D:3      | Reached skill level 5 in Dodging
  2107 | D:3      | Found a runed translucent door.
  2108 | D:3      | Noticed Crazy Yiuf
  2110 | D:3      | Identified the +3 hammer of Xixazxoll {vorpal, Fly rCorr
                  | Str+5 Stlth+}
  2121 | D:3      | Slain by Crazy Yiuf

Illustrated notes

Levels and vault maps discovered:
D:1:      heliophobic_arrival_ceremonial_halls, layout_loops_corners
D:2:      layout_loops_ring, nicolae_ecumenical_snake_handling, uniq_jessica,
          uniq_robin
D:3:      minmay_general_purpose_star, layout_basic, uniq_ijyb,
          uniq_crazy_yiuf_cottage

Skill      XL: |  1  2  3  4  5  6 |
---------------+-------------------+-----
Spellcasting   | 5 |  5.4
Invocations    | 1 2 |  2.2
Fighting       | 1 2 |  2.0
Short Blades   | 1 2 |  2.0
Long Blades    | 1 2 |  2.0
Axes           | 1 2 |  2.0
Maces & Flails | 1 2 |  2.0
Polearms       | 1 2 |  2.0
Staves         | 1 2 |  2.0
Ranged Weapons | 1 2 |  2.0
Throwing       | 1 2 |  2.0
Armour         | 1 2 |  2.0
Shields        | 1 2 |  2.0
Unarmed Combat | 1 2 |  2.0
Evocations     | 1 2 |  2.0
Conjurations   | 1 |  1.6
Hexes          | 1 |  1.6
Necromancy     | 1 |  1.6
Translocations | 1 |  1.6
Transmutations | 1 |  1.6
Fire Magic     | 1 |  1.6
Ice Magic      | 1 |  1.6
Air Magic      | 1 |  1.6
Earth Magic    | 1 |  1.6
Poison Magic   | 1 |  1.6
Dodging        | 5 |  5.0
Stealth        | |  4.6
Summonings     | |  7.3

Action                   |  1- 3 |  4- 6 || total
-------------------------+-------+-------++-------
Melee: Flail             |     7 |       ||     7
       Short sword       |     8 |     2 ||    10
       Bite              |     2 |     5 ||     7
       Trident           |       |    41 ||    41
       Mace              |       |     3 ||     3
       Club              |       |     1 ||     1
 Cast: Summon Small Mamm |     4 |    13 ||    17
       Call Imp          |     2 |    11 ||    13
       Call Canine Famil |     1 |    15 ||    16
Invok: Renounce Religion |       |     1 ||     1
 Stab: Sleeping          |     2 |     7 ||     9
Armor: Robe              |       |    11 ||    11
Dodge: Dodged            |     8 |    33 ||    41
